 Dungeon Crawl Stone Soup version 0.18.1-48-g4cf74bf (webtiles) character file.

613 djnw the Caller (level 7, -4/46 HPs)
             Began as a Mummy Summoner on Aug 21, 2016.
             Was an Initiate of Gozag.
             Slain by a sky beast (5 damage)
             ... on level 5 of the Dungeon.
             The game lasted 00:32:06 (5411 turns).

djnw the Caller (Mummy Summoner)                    Turns: 5411, Time: 00:32:06

Health: -4/46      AC:  5    Str: 11    XL:     7   Next: 20%
Magic:  10/14      EV: 12    Int: 17    God:    Gozag
Gold:   609        SH:  4    Dex: 12    Spells: 4 memorised, 6 levels left

rFire  + . .     SeeInvis .     n - +1 dagger (venom)
rCold  + . .     Gourm    .     m - +2 robe {rF+}
rNeg   + + +     Faith    .     (no shield)
rPois  ∞         Spirit   .     (no helmet)
rElec  .         Dismiss  .     (no cloak)
rCorr  .         Reflect  +     c - +0 pair of gloves
SustAt .         Harm     .     (no boots)
MR     .....                    f - +4 amulet of reflection
Stlth  ++........               (no ring)
                                j - ring of protection from fire

@: not resistant to hostile enchantments, unstealthy
A: no food or potions, fire vulnerability, cold resistance 1, negative energy
resistance 3, torment resistance, unbreathing
a: Potion Petition, Call Merchant, Bribe Branch, Renounce Religion


You were on level 5 of the Dungeon.
You worshipped Gozag.
Gozag was noncommittal.
You were not hungry.

You visited 2 branches of the dungeon, and saw 6 of its levels.

You collected 628 gold pieces.
You paid 19 gold pieces to Gozag.

Inventory:

Hand Weapons
 n - a +1 dagger of venom (weapon)
Armour
 c - a +0 pair of gloves (worn)
 m - a +2 robe of fire resistance (worn)
Jewellery
 f - a +4 amulet of reflection (around neck)
 j - a ring of protection from fire (left hand)
Scrolls
 a - a scroll of remove curse
 d - a scroll of magic mapping
 e - 5 scrolls of identify
 h - a scroll of fear
Books
 b - a book of Callings

   Spells                             Type                      Level
   a - Summon Small Mammal            Summoning                    1
   b - Call Imp                       Summoning                    2
   c - Call Canine Familiar           Summoning                    3
   d - Summon Guardian Golem          Hexes/Summoning              3
   e - Summon Lightning Spire         Summoning/Air                4
   f - Summon Ice Beast               Ice/Summoning                4


   Skills:
 - Level 1.9 Dodging
 - Level 1.6 Stealth
 + Level 5.1 Spellcasting
 + Level 5.5 Summonings
 * Level 1.0 Ice Magic


You had 6 spell levels left.
You knew the following spells:

 Your Spells              Type           Power        Failure   Level  Hunger
a - Summon Small Mammal   Summ           ###.         1%          1    N/A
b - Call Imp              Summ           ###.....     2%          2    N/A
c - Call Canine Familiar  Summ           ###.....     6%          3    N/A
d - Summon Ice Beast      Ice/Summ       ###.....     38%         4    N/A

Dungeon Overview and Level Annotations

Branches:
Dungeon (5/15)             Temple (1/1) D:4

Altars:
Cheibriados
Fedhas
Gozag
Kikubaaqudgha
Makhleb
Okawaru
Pakellas
Qazlal
Ru
Sif Muna
Vehumet
Xom
Yredelemnul
Zin
The Shining One

Shops:
D:5 (

Annotations:
D:5 PeterMcNeter's ghost, weakling OpTm


Innate Abilities, Weirdness & Mutations

You do not eat or drink.
Your flesh is vulnerable to fire.
You are immune to poison.
Your flesh is cold resistant.
You are immune to negative energy.
You are immune to unholy pain and torment.
You can survive without breathing.


Message History

You closely miss something.
Your hound bites something.
Something hits you but does no damage.
Your hound misses something. You barely miss something.
Something hits you but does no damage.
Your hound closely misses something.
You barely miss something.
Your hound barely misses something.
Something hits you. Something shocks you.
* * * LOW HITPOINT WARNING * * *
Your hound bites something.
You miss something. Something hits you.
* * * LOW HITPOINT WARNING * * *
Something shocks you.
* * * LOW HITPOINT WARNING * * *
Your hound bites something.
You hit something.
Your hound closely misses something.
Something hits you but does no damage.
Your hound bites something.
You closely miss something. Something hits you.
* * * LOW HITPOINT WARNING * * *
Something shocks you.
You die...
Your body crumbles into a pile of gold.

#.### #.).# ###### ###.##
##### ..><..
#..#######...#####......
##......##.#..Y..#.......
######.##)#####........∩
#..).#####..###....
#..#..5##...#......
#.####5@{...$.# #.#
###h.##....# #.#
#...#..>.#..# ..#
#..##...### ... .## #(.
.#.# $# .. #. #..# .. .##
.. ##


You could see a friendly hound, a friendly crimson imp and a friendly shadow
imp.

Vanquished Creatures
  2 orc wizards
  3 adders
  An ooze (D:3)
  A worm (D:2)
  2 giant geckos
  2 orcs
  A bat (D:2)
  2 giant cockroaches
  3 goblins
  4 hobgoblins
  3 jackals
  A kobold (D:1)
  3 rats
28 creatures vanquished.

Vanquished Creatures (collateral kills)
  Sigmund (D:3)
  An ice beast (D:5)
  2 ogres
  Blork the orc (D:4)
  A howler monkey (D:4)
  A centaur zombie (D:5)
  2 orc priests (D:3)
  A centaur skeleton (D:4)
  A hound (D:5)
  3 orc wizards
  Natasha (thrice) (D:4)
  A worker ant (D:4)
  3 adders
  An adder zombie (D:5)
  3 worms
  2 dart slugs
  A giant gecko (D:2)
  16 orcs
  2 ball pythons (D:4)
  4 hobgoblins
  3 jackals
  4 kobolds
  2 bats
  A giant newt (D:3)
  8 goblins
  2 rats
70 creatures vanquished.

Grand Total: 98 creatures vanquished

Notes
Turn   | Place    | Note
--------------------------------------------------------------
     0 | D:1      | djnw the Mummy Summoner began the quest for the Orb.
     0 | D:1      | Reached XP level 1. HP: 13/13 MP: 3/3
   318 | D:1      | Reached XP level 2. HP: 12/19 MP: 5/5
   851 | D:1      | Learned a level 2 spell: Call Imp
  1168 | D:2      | Found an iron altar of Okawaru.
  1494 | D:2      | Reached XP level 3. HP: 18/24 MP: 2/6
  1499 | D:2      | Learned a level 3 spell: Call Canine Familiar
  1616 | D:2      | Found a faded altar to an unknown god.
  1618 | D:2      | Found an opulent altar of Gozag.
  1686 | D:2      | Became a worshipper of Gozag Ym Sagoz the Greedy
  2427 | D:3      | Found a glowing golden altar of the Shining One.
  2458 | D:3      | Reached XP level 4. HP: 30/30 MP: 0/8
  2490 | D:3      | Noticed Sigmund
  2505 | D:3      | Killed Sigmund
  2505 | D:3      | Reached XP level 5. HP: 19/35 MP: 1/10
  2516 | D:3      | Noticed an ogre
  2576 | D:3      | Killed an ogre
  3052 | D:3      | Learned a level 4 spell: Summon Ice Beast
  3124 | D:3      | Reached XP level 6. HP: 8/41 MP: 1/12
  3328 | D:3      | Found a snail-covered altar of Cheibriados.
  3334 | D:3      | Found a sacrificial altar of Ru.
  3338 | D:3      | Found a burning altar of Makhleb.
  3582 | D:4      | Noticed Blork the orc
  3596 | D:4      | Killed Blork the orc
  3701 | D:4      | Reached skill level 5 in Summonings
  3743 | D:4      | Found a staircase to the Ecumenical Temple.
  3773 | D:4      | Noticed Natasha
  3784 | D:4      | Killed Natasha
  3871 | D:4      | Found an ancient bone altar of Kikubaaqudgha.
  4020 | D:4      | Noticed Natasha
  4030 | D:4      | Killed Natasha
  4166 | D:4      | Noticed Natasha
  4174 | D:4      | Killed Natasha
  4601 | Temple   | Entered the Ecumenical Temple
  4691 | D:5      | Entered Level 5 of the Dungeon
  4693 | D:5      | Noticed PeterMcNeter's ghost (weakling OpTm)
  4731 | D:5      | Noticed an ice beast
  4906 | D:5      | Noticed an ice beast
  5011 | D:5      | Killed an ice beast
  5011 | D:5      | Reached skill level 5 in Spellcasting
  5011 | D:5      | Reached XP level 7. HP: 17/46 MP: 1/14
  5317 | D:5      | Found Tenavvok's Antique Weapon Shop.
  5329 | D:5      | Reached skill level 1 in Ice Magic
  5411 | D:5      | HP: 1/46 [something (3)]
  5411 | D:5      | Slain by a sky beast

Skill      XL: |  1  2  3  4  5  6  7 |
---------------+----------------------+-----
Spellcasting   | 3 4 5 |  5.1
Summonings     | 4 5 |  5.5
Ice Magic      | 1 |  1.0
Dodging        | |  1.9
Stealth        | |  1.6

Action                   |  1- 3 |  4- 6 |  7- 9 || total
-------------------------+-------+-------+-------++-------
Melee: Dagger            |   104 |    96 |    21 ||   221
       Unarmed           |     8 |       |       ||     8
       Short sword       |    11 |       |       ||    11
 Cast: Summon Small Mamm |    23 |     5 |     1 ||    29
       Call Imp          |    24 |    44 |     4 ||    72
       Call Canine Famil |     2 |    17 |     1 ||    20
Invok: Potion Petition   |       |     1 |       ||     1
  Use: Scroll            |     7 |     7 |       ||    14
 Stab: Distracted        |     1 |     1 |       ||     2
Armor: Robe              |    21 |    24 |    10 ||    55
Dodge: Dodged            |   104 |    76 |     6 ||   186
Block: Other             |    21 |    20 |     3 ||    44
       Reflection        |     3 |       |       ||     3
